 Dungeon Crawl Stone Soup version 0.30-a0-924-g0ad0bf95bc (webtiles) character file.

Game seed: 8933313883026358517

16267 FexLirch the Severer (level 12, 0/104 HPs)
             Began as a Hill Orc Reaver on Mar 22, 2023.
             Was an Elder of the Shining One.
             Slain by a minotaur
             ... wielding a +2 broad axe of flaming
              (11 damage)
             ... in a Gauntlet.
             The game lasted 01:36:23 (13196 turns).

FexLirch the Severer (Hill Orc Reaver)             Turns: 13196, Time: 01:36:24

Health: 0/104      AC: 12    Str: 20    XL:     12   Next: 35%
Magic:  16/18      EV: 11    Int: 15    God:    the Shining One [****..]
Gold:   367        SH:  9    Dex:  9    Spells: 9/14 levels left

rFire   + . .      SeeInvis +    f - +0 battleaxe
rCold   . . .      Faith    .    (shield currently unavailable)
rNeg    + + .      Spirit   .    n - +0 swamp dragon scales
rPois   +          Reflect  .    (no helmet)
rElec   .          Rampage  .    c - +0 cloak
rCorr   +          NoTele   +    t - +0 pair of gloves
Will    .....                    (no boots)
Stlth   x                          - amulet of the Skies Above {Regen+ rCorr Int+2}
HPRegen 1.17/turn                N - ring of protection from fire
MPRegen 0.16/turn                R - ring of see invisible

@: divinely shielded, glowing
A: no striking features
a: Renounce Religion, Divine Shield, Cleansing Flame


You were in a Gauntlet.
You worshipped the Shining One.
The Shining One was greatly pleased with you.
You visited 2 branches of the dungeon, and saw 13 of its levels.
You also visited: Sewer and Gauntlet.

You collected 691 gold pieces.
You spent 324 gold pieces at shops.

Inventory:

Hand Weapons
 f - a +0 battleaxe (weapon)
 o - a +3 morningstar of protection
 y - a +0 broad axe
 G - the +8 great mace "Coxireedgh" {venom, rF- rN+ Int+3}
   (You found it in a Gauntlet)

   Int:       It affects your intelligence (+3).
   rF:        It makes you vulnerable to fire.
   rN:        It protects you from negative energy.
 J - the +9 dagger of the Bruised Demons {speed, rF- rC+++ Int+4}
   (You found it on level 5 of the Dungeon)

   Int:       It affects your intelligence (+4).
   rF:        It makes you vulnerable to fire.
   rC:        It renders you almost immune to cold.
 K - a +1 glaive
 M - a +2 war axe of venom
 Q - a +0 shortbow
Missiles
 z - 2 throwing nets
 C - 11 boomerangs
 D - 45 poisoned darts
 E - 3 javelins
 S - 2 curare-tipped darts
Armour
 c - a +0 cloak (worn)
 n - +0 swamp dragon scales (worn)
 t - a +0 pair of gloves (worn)
 v - +0 gold dragon scales
 A - a +2 leather armour of cold resistance
 U - a +1 chain mail of willpower
Jewellery
 b - a ring of ice
 x - the amulet of the Skies Above (around neck) {Regen+ rCorr Int+2}
   (You found it on level 3 of the Dungeon)

   [amulet of regeneration]

   Int:       It affects your intelligence (+2).
   Regen:     It increases your rate of health regeneration.
   rCorr:     It protects you from acid and corrosion.
 H - the ring "Faubi" {rN+ rCorr Int+4 Slay-2}
   (You found it in a Gauntlet)

   [ring of resist corrosion]

   Int:       It affects your intelligence (+4).
   Slay:      It affects your accuracy & damage with ranged weapons and melee
   (-2).
   rN:        It protects you from negative energy.
   rCorr:     It protects you from acid and corrosion.
 N - a ring of protection from fire (left hand)
 R - a ring of see invisible (right hand)
Wands
 a - a wand of flame (18)
 k - a wand of roots (7)
 X - a wand of acid (12)
 Y - a wand of charming (4)
Scrolls
 e - 3 scrolls of vulnerability
 g - a scroll of enchant armour {unknown}
 i - 6 scrolls of teleportation
 j - 2 scrolls of noise {unknown}
 m - a scroll of silence {unknown}
 q - 5 scrolls of blinking
 r - 3 scrolls of fear
 F - a scroll of brand weapon {unknown}
 I - 5 scrolls of fog
Potions
 d - 2 potions of lignification
 h - 2 potions of ambrosia
 l - a potion of heal wounds
 p - a potion of resistance
 s - a potion of cancellation {unknown}
 u - 7 potions of curing
 w - 5 potions of mutation
 B - 2 potions of attraction {unknown}
 L - 2 potions of might {unknown}
 O - 3 potions of flight {unknown}
 P - a potion of haste
 T - 3 potions of brilliance


   Skills:
 + Level 9.2 Fighting
 * Level 19.2 Axes
 + Level 8.0 Armour
 - Level 1.5 Dodging
 - Level 1.5 Spellcasting
 - Level 4.0 Conjurations
 + Level 8.8 Invocations
 + Level 2.6 Evocations


You had 9 spell levels left.
You knew the following spells:

 Your Spells              Type           Power      Damage    Failure   Level
a - Kiss of Death         Conj/Necr      28%        2d7       16%         1
b - Momentum Strike       Conj/Tloc      14%        3d8       24%         2
c - Beastly Appendage     Tmut           2%         N/A       36%         1
d - Magic Dart            Conj           52%        1d5       7%          1

Your spell library contained the following spells:

 Spells                   Type           Power      Damage    Failure   Level
 Foxfire                  Conj/Fire      28%        2x1d5     16%         1
 Apportation              Tloc           2%         N/A       36%         1
 Freeze                   Ice            4%         1d3       36%         1
 Sandblast                Erth           2%         2d4       36%         1
 Summon Small Mammal      Summ           4%         N/A       36%         1
 Hailstorm                Conj/Ice       7%         3d4       43%         3
 Stone Arrow              Conj/Erth      14%        3d7       43%         3
 Call Imp                 Summ           1%         N/A       50%         2
 Passwall                 Tmut/Erth      0%         N/A       50%         2
 Sublimation of Blood     Necr           1%         N/A       50%         2
 Wereblood                Tmut           1%         N/A       50%         2
 Mephitic Cloud           Conj/Pois/Air  5%         N/A       54%         3
 Call Canine Familiar     Summ           1%         N/A       73%         3
 Frozen Ramparts          Ice            2%         1d1       73%         3
 Ozocubu's Armour         Ice            1%         N/A       73%         3
 Portal Projectile        Hex/Tloc       2%         N/A       73%         3
 Spider Form              Tmut/Pois      1%         N/A       73%         3
 Summon Guardian Golem    Hex/Summ       1%         N/A       73%         3
 Anguish                  Hex/Necr       0%         N/A       98%         4
 Ice Form                 Ice/Tmut       1%         N/A       98%         4
 Leda's Liquefaction      Hex/Erth       0%         N/A       98%         4
 Fireball                 Conj/Fire      3%         3d4       99%         5
 Alistair's Intoxication  Tmut/Pois      0%         N/A       100%        5
 Conjure Ball Lightning   Conj/Air       3%         3x3d6     100%        6
 Simulacrum               Ice/Necr       0%         N/A       100%        6
 Starburst                Conj/Fire      3%         6d3       100%        6
 Enfeeble                 Hex            0%         N/A       100%        7
 Ozocubu's Refrigeration  Ice            0%         4d7       100%        7
 Summon Hydra             Summ           0%         N/A       100%        7
 Discord                  Hex            0%         N/A       100%        8
 Disjunction              Tloc           0%         N/A       100%        8


Dungeon Overview and Level Annotations

Branches:
Dungeon (12/15)            Temple (1/1) D:5            Lair (0/5) D:11
    Orc (0/2) D:11          Sewer (visited)         Gauntlet (1/1)

Altars:
Ashenzari
Cheibriados
Dithmenos
Elyvilon
Fedhas
Gozag
Hepliaklqana
Kikubaaqudgha
Makhleb
Nemelex Xobeh
Okawaru
Qazlal
Ru
Sif Muna
Trog
Uskayaw
Vehumet
Wu Jian
Xom
Yredelemnul
Zin
The Shining One

Shops:
D:2 ?   D:3 !   D:4 :   D:8 *

Annotations:
D:6 exclusion: downstairs
D:11 1 exclusion Gauntlet 6 transporters


Message History

The minotaur is severely wounded.
The minotaur hits you with a +2 broad axe of flaming!
The minotaur gores you.
You slash the minotaur!
The minotaur is almost dead.
The minotaur hits you with a +2 broad axe of flaming!
The minotaur burns you. You block the minotaur's attack.
The minotaur hits you with a +2 broad axe of flaming!!
* * * LOW HITPOINT WARNING * * *
The minotaur burns you.
* * * LOW HITPOINT WARNING * * *
You block the minotaur's attack.
Press: ? - help, v - describe, . - travel
Here: a minotaur, wielding a +2 broad axe of flaming, wearing a +3 plate armour of fire resistance and quivering silver javelins (almost dead, fast, haloed)
An open door, spattered with blood.
Unknown command.
You feel much better. You block the minotaur's attack.
The minotaur gores you but does no damage.
You hit the minotaur but do no damage.
The minotaur is almost dead.
The minotaur hits you with a +2 broad axe of flaming!!!
* * * LOW HITPOINT WARNING * * *
The minotaur burns you.
* * * LOW HITPOINT WARNING * * *
The minotaur closely misses you.
Okay, then.
Okay, then.
Press: ? - help, v - describe, . - travel
Here: a minotaur, wielding a +2 broad axe of flaming, wearing a +3 plate armour of fire resistance and quivering silver javelins (almost dead, fast, haloed)
An open door, spattered with blood.
Unknown command.
Okay, then.
Okay, then.
You feel much better.
The minotaur hits you with a +2 broad axe of flaming!
* * * LOW HITPOINT WARNING * * *
The minotaur burns you.
* * * LOW HITPOINT WARNING * * *
The minotaur gores you!
You die...

#.##...#..#©...
#.##....8.#..#!.P.
.##....##...#..#|P#.
...##.##.8.#..#....
#.##......#..#w...
#....##...#..#####
######.##.##.©.#≈......
#∩...H.##......#∩......
#@...##.©.#§......
#....##.##...#..#####
#....##.##......#..#....
..## #....##.8.#..#.#..
..##.##...#..#..##
#.##....8.#..#..##
#....##...#..#©.#. ###
###§8≈#..#..##
#####..#..##


You could see a minotaur (fast).

Vanquished Creatures
  A centaur warrior (D:10)
  A tengu warrior (D:10)
  A two-headed ogre (D:11)
  2 thrashing horrors (Gauntlet)
  Pikel (D:6)
  An ugly thing (D:12)
  A deep elf pyromancer (D:10)
  Joseph (D:7)
  Maggie (D:7)
  A komodo dragon (D:11)
  An unseen horror (D:11)
  2 kobold demonologists
  2 trolls (D:11)
  2 hornets (Gauntlet)
  Prince Ribbit (D:7)
  Sigmund (D:5)
  6 flying skulls (Gauntlet)
  A slime creature (D:10)
  2 wraiths
  4 shadows
  8 yaks (D:11)
  A wyvern (D:8)
  3 small abominations (Gauntlet)
  4 vampire mosquitoes
  A steam dragon (D:9)
  4 acid dragons
  A water moccasin (D:8)
  2 orc warriors
  2 sky beasts
  An ice beast (D:7)
  3 black bears
  3 centaurs
  2 ogres (D:5)
  4 lemures (D:6)
  3 phantoms
  Blork the orc (D:4)
  2 bullfrogs (D:7)
  6 kobold brigands
  2 gnoll sergeants (D:11)
  6 scorpions
  4 wights (D:10)
  11 killer bees
  A howler monkey (D:7)
  2 electric eels
  A jelly (D:8)
  7 hounds
  6 orc priests
  2 gnoll boudas
  7 iguanas
  A sleepcap (D:6)
  10 orc wizards
  19 gnolls
  14 adders
  6 river rats (Sewer)
  3 white imps
  A worm (D:3)
  2 dart slugs (D:4)
  42 orcs
  16 ball pythons
  6 endoplasms
  6 giant cockroaches
  13 goblins
  3 hobgoblins
  17 jackals
  6 quokkas
  7 bats
  11 frilled lizards
  31 kobolds
  4 rats
351 creatures vanquished.

Vanquished Creatures (others)
  4 fungi (Gauntlet)
  36 plants
40 creatures vanquished.

Grand Total: 391 creatures vanquished

Notes
Turn   | Place    | Note
-------+----------+-------------------------------------------
     0 | D:1      | FexLirch the Hill Orc Reaver began the quest for the Orb.
     0 | D:1      | Reached XP level 1. HP: 18/18 MP: 3/3
   149 | D:1      | Reached XP level 2. HP: 24/25 MP: 4/4
   219 | D:1      | Found a faded altar of an unknown god.
   298 | D:1      | You fall into a shaft and drop 1 floor!
   345 | D:2      | Reached skill level 5 in Axes
   367 | D:2      | Reached XP level 3. HP: 11/29 MP: 5/5
   491 | D:2      | Found Buahunost's Magic Scroll Shoppe.
   552 | D:2      | Bought a scroll of teleportation for 30 gold pieces
  1299 | D:1      | Reached XP level 4. HP: 30/36 MP: 6/6
  1487 | D:2      | Bought a scroll of fear for 40 gold pieces
  1523 | D:3      | Learned a level 2 spell: Momentum Strike
  1525 | D:3      | Learned a level 1 spell: Beastly Appendage
  1531 | D:3      | Found Mekaki's Distillery.
  1579 | D:3      | Found a bloodstained altar of Trog.
  1749 | D:3      | Bought a potion of curing for 33 gold pieces
  1835 | D:3      | Reached skill level 6 in Axes
  1867 | D:3      | Learned a level 1 spell: Magic Dart
  2039 | D:3      | Identified the amulet of the Skies Above {Regen+ rCorr
                  | Int+2}
  2341 | D:3      | Found a glowing silver altar of Zin.
  2432 | D:4      | Noticed a scorpion
  2438 | D:4      | Killed a scorpion
  2439 | D:4      | Reached skill level 7 in Axes
  2439 | D:4      | Reached XP level 5. HP: 27/40 MP: 2/7
  2822 | D:4      | Reached XP level 6. HP: 42/45 MP: 3/8
  2884 | D:4      | Reached skill level 8 in Axes
  2889 | D:4      | Noticed Blork the orc
  2905 | D:4      | Killed Blork the orc
  2942 | D:4      | Found a stormy altar of Qazlal.
  2952 | D:4      | Reached skill level 9 in Axes
  3137 | D:4      | Reached XP level 7. HP: 51/55 MP: 6/9
  3167 | D:4      | Found Hasemeent's Book Shoppe.
  3519 | D:4      | Found a hide-covered altar of Uskayaw.
  3582 | D:4      | Reached skill level 10 in Axes
  3825 | D:5      | Entered Level 5 of the Dungeon
  3951 | D:5      | Found a staircase to the Ecumenical Temple.
  3953 | D:5      | Identified the +9 dagger of the Bruised Demons {speed, rF-
                  | rC+++ Int+4}
  3978 | Temple   | Entered the Ecumenical Temple
  4025 | Temple   | Became a worshipper of the Shining One
  4134 | D:5      | Found a shimmering altar of Xom.
  4327 | D:5      | Reached skill level 11 in Axes
  4335 | D:5      | Reached XP level 8. HP: 48/62 MP: 7/10
  4546 | D:5      | Reached skill level 12 in Axes
  4546 | D:5      | Noticed Sigmund
  4785 | D:5      | Found a shimmering blue altar of Sif Muna.
  4796 | D:5      | Found an iron altar of Okawaru.
  4875 | D:5      | Found a sparkling altar of Nemelex Xobeh.
  5013 | D:3      | Bought a potion of haste for 110 gold pieces
  5160 | D:6      | Reached skill level 13 in Axes
  5286 | D:6      | Found a glowing drain.
  5367 | Sewer    | Entered a sewer
  5493 | Sewer    | Reached skill level 14 in Axes
  5570 | Sewer    | Reached XP level 9. HP: 38/68 MP: 6/11
  6333 | D:6      | Reached skill level 1 in Armour
  6410 | D:6      | Noticed Pikel
  6603 | D:6      | Killed Pikel
  6604 | D:6      | Reached skill level 15 in Axes
  6847 | D:7      | Noticed Maggie
  6918 | D:7      | Reached * piety under the Shining One
  7052 | D:3      | Bought a potion of heal wounds for 55 gold pieces
  7109 | D:5      | Killed Sigmund
  7110 | D:5      | Reached skill level 1 in Invocations
  7231 | D:7      | Killed Maggie
  7520 | D:7      | Reached skill level 5 in Fighting
  7520 | D:7      | Reached XP level 10. HP: 75/81 MP: 12/12
  7593 | D:7      | Reached skill level 16 in Axes
  7766 | D:7      | Noticed Prince Ribbit
  7772 | D:7      | Killed Prince Ribbit
  7839 | D:7      | Noticed Joseph
  7865 | D:7      | Killed Joseph
  8273 | D:8      | Found a snail-covered altar of Cheibriados.
  8384 | D:8      | Found Buc Gibaijol's Mayhem Merchandise.
  8393 | D:8      | Bought a +0 broad axe for 56 gold pieces
  8771 | D:8      | Found an ancient bone altar of Kikubaaqudgha.
  9019 | D:8      | Reached skill level 5 in Armour
  9649 | D:9      | Found an ornate altar of the Wu Jian Council.
  9997 | D:9      | Reached skill level 5 in Invocations
 10293 | D:10     | Entered Level 10 of the Dungeon
 10408 | D:10     | Reached skill level 17 in Axes
 10501 | D:10     | Reached ** piety under the Shining One
 10600 | D:10     | Noticed a tengu warrior
 10622 | D:10     | Killed a tengu warrior
 10623 | D:10     | Reached XP level 11. HP: 63/91 MP: 15/15
 10624 | D:10     | Noticed a centaur warrior
 10641 | D:10     | Killed a centaur warrior
 10664 | D:10     | Noticed a deep elf pyromancer
 10674 | D:10     | Killed a deep elf pyromancer
 10693 | D:10     | Noticed an eight-headed hydra
 10849 | D:10     | Found a burning altar of Makhleb.
 10850 | D:10     | Found a white marble altar of Elyvilon.
 11305 | D:11     | Found a staircase to the Orcish Mines.
 11436 | D:11     | Found a staircase to the Lair.
 11519 | D:11     | Noticed a two-headed ogre
 11697 | D:11     | Reached skill level 18 in Axes
 12167 | D:11     | Killed a two-headed ogre
 12394 | D:11     | Reached *** piety under the Shining One
 12676 | D:12     | Found a gate leading to a gauntlet.
 12697 | D:12     | Noticed a sun demon
 12741 | D:12     | Reached skill level 1 in Evocations
 12747 | D:12     | Reached XP level 12. HP: 99/103 MP: 18/18
 12788 | Gauntlet | Entered a Gauntlet
 12788 | Gauntlet | Found a transporter.
 12788 | Gauntlet | Found a transporter.
 12805 | Gauntlet | Found a transporter.
 12809 | Gauntlet | Found a transporter.
 12822 | Gauntlet | Found a transporter.
 12826 | Gauntlet | Found a transporter.
 12839 | Gauntlet | Found a transporter.
 12859 | Gauntlet | Noticed a thrashing horror
 12862 | Gauntlet | Found a transporter.
 12862 | Gauntlet | Noticed a thrashing horror
 12865 | Gauntlet | Found a transporter.
 12868 | Gauntlet | Found a transporter.
 12871 | Gauntlet | Reached **** piety under the Shining One
 12878 | Gauntlet | Found a transporter.
 12882 | Gauntlet | Found a transporter.
 13017 | Gauntlet | Reached skill level 19 in Axes
 13092 | Gauntlet | Identified the +8 great mace "Coxireedgh" {venom, rF- rN+
                  | Int+3}
 13113 | Gauntlet | Killed a thrashing horror
 13122 | Gauntlet | Killed a thrashing horror
 13131 | Gauntlet | Identified the ring "Faubi" {rN+ rCorr Int+4 Slay-2}
 13184 | Gauntlet | Found the ring of the Hare {EV+10}
 13184 | Gauntlet | Noticed a minotaur
 13195 | Gauntlet | HP: 4/104 [minotaur/+2 broad axe of flaming (4)]
 13196 | Gauntlet | Slain by a minotaur

Illustrated notes

Levels and vault maps discovered:
D:1:      dpeg_arrival_round_a, layout_rooms, shapermc_ecumenical_altar_pompeii
D:2:      layout_rooms, serial_shops, shop
D:3:      layout_rooms, mainiacjoe_overflow_catwalk_spiral, serial_aquarium,
          aquarium_bridge_long_joined [aquarium_subvault_bridge,
          aquarium_subvault_wall, aquarium_subvault_balcony,
          aquarium_subvault_wall, aquarium_subvault_window,
          aquarium_subvault_bridge], aquarium_window_fake, aquarium_window_fake,
          aquarium_view_2e, aquarium_view_2b, serial_shops, shop,
          minmay_misc_feat_hallway, corner_web_ring
D:4:      layout_basic, lemuel_doored_altar, nicolae_qazlal_scattered_showers,
          serial_shops, nicolae_shop_hallway_plus, uniq_blork_the_orc
D:5:      layout_basic, nemelex_dance_club_becter,
          nicolae_overflow_hidden_temple, mainiacjoe_overflow_swirl,
          minmay_temple_entry_glass, palyth_stone_intersect,
          grunt_ministairs_13, chequers_serial_rivers_micro_e, corexii_shack,
          minmay_pentangle, uniq_sigmund
D:6:      layout_rooms, portal_sewer_entry_f, uniq_pikel
D:7:      layout_loops_ring, water_maze_lemuel, uniq_joseph,
          uniq_prince_ribbit1, uniq_maggie
D:8:      layout_basic, mainiacjoe_overflow_surrounded_room,
          cheibriados_altar_1, minivault_5, minmay_shop_mayhem
D:9:      layout_loops_ring, mainiacjoe_overflow_tiny_flanked,
          dreamdust_princess_bridge
D:10:     layout_basic, nicolae_overflow_squiral, minmay_evil_grid
D:11:     layout_stronghold, lair_entry_dummy, erik_orc_3,
          minmay_fractal_squares_gapless_5
D:12:     layout_gridville, gauntlet_entry_generic
Temple:   chequers_temple_sunken
Gauntlet: gammafunk_gauntlet_hard_choice [nicolae_gauntlet_arena_x,
          gammafunk_gauntlet_arena_spirals, nicolae_gauntlet_arena_flowing_pool,
          nicolae_gauntlet_arena_grate_2, nicolae_gauntlet_arena_blocks,
          gammafunk_gauntlet_arena_hedges, gauntlet_exit_green]

Skill      XL: |  1  2  3  4  5  6  7  8  9 10 11 12 |
---------------+-------------------------------------+-----
Axes           | 5 7 9 11 14 15 17 18 19 | 19.2
Conjurations   | 4 |  4.0
Armour         | 3 5 7 8 |  8.0
Fighting       | 5 6 8 9 |  9.2
Invocations    | 2 5 8 |  8.8
Evocations     | 1 2 |  2.6
Dodging        | |  1.5
Spellcasting   | |  1.5

Action                     |  1- 3 |  4- 6 |  7- 9 | 10-12 || total
---------------------------+-------+-------+-------+-------++-------
  Melee: Hand axe          |   145 |    55 |   308 |    73 ||   581
         War axe           |       |    79 |    18 |       ||    97
         Kick              |       |     1 |    13 |    12 ||    26
         Headbutt          |       |       |    11 |     7 ||    18
         Punch             |       |       |    10 |     3 ||    13
         Broad axe         |       |       |       |   337 ||   337
         Battleaxe         |       |       |       |   106 ||   106
  Throw: Stone             |    10 |     1 |       |       ||    11
   Cast: Kiss of Death     |     2 |     4 |       |       ||     6
         Magic Dart        |       |    25 |   137 |   107 ||   269
         Momentum Strike   |       |     9 |    21 |     5 ||    35
         Beastly Appendage |       |     1 |     5 |     4 ||    10
 Invoke: Divine Shield     |       |       |     1 |     3 ||     4
         Cleansing Flame   |       |       |       |     1 ||     1
    Use: Scroll            |       |     5 |     1 |    10 ||    16
         Potion            |       |     1 |       |     3 ||     4
 Armour: Leather armour    |    45 |    33 |    54 |       ||   132
         Skin              |       |    21 |       |       ||    21
         Swamp dragon scal |       |       |     5 |   160 ||   165
         Gold dragon scale |       |       |     3 |       ||     3
         Scale mail        |       |       |     1 |       ||     1
  Dodge: Dodged            |    89 |    73 |   100 |   226 ||   488
  Block: Other             |       |       |     2 |    33 ||    35

Table legend: (Time is in decaauts)
 A = Elapsed time spent in this place.
 B = Non-inter-level travel time spent in this place.
 C = Inter-level travel time spent in this place.
 D = Time resting spent in this place.
 E = Time spent auto-exploring this place.
 F = Levels seen in this place.
 G = Mean time per level.
                   A        B        C        D        E       F      G
               +--------+--------+--------+--------+--------+-----+--------+
         Total |  13114 |  12116 |    998 |   1454 |   3599 |  15 |  874.3 |
       Dungeon |  11750 |  10770 |    980 |   1139 |   3577 |  12 |  979.2 |
        Temple |     57 |     39 |     18 |      0 |      0 |   1 |   57.0 |
         Sewer |    907 |    907 |      0 |    254 |     22 |   1 |  907.0 |
      Gauntlet |    398 |    398 |      0 |     61 |      0 |   1 |  398.0 |
               +--------+--------+--------+--------+--------+-----+--------+

Top non-repeatable levels by time:
     D:4: 1525 daAuts
    D:11: 1362 daAuts
     D:8: 1272 daAuts
     D:5: 1154 daAuts
     D:7: 1054 daAuts
     D:3: 1041 daAuts
     D:6: 996 daAuts
   Sewer: 907 daAuts
    D:10: 907 daAuts
     D:2: 857 daAuts
     D:9: 788 daAuts
     D:1: 647 daAuts
Gauntlet: 398 daAuts
    D:12: 140 daAuts
  Temple: 57 daAuts
